 Dungeon Crawl Stone Soup version 0.26.1-2-gb8aa6d0cf2 (webtiles) character file.

Game seed: 6572859870516216298

13 CrazyMind the Skirmisher (level 2, -2/25 HPs)
             Began as a Formicid Abyssal Knight on Mar 30, 2021.
             Was a Follower of Lugonu.
             Slain by a worker ant (5 damage)
             ... on level 4 of the Dungeon.
             The game lasted 00:06:49 (2078 turns).

CrazyMind the Skirmisher (Formicid Abyssal Knight)  Turns: 2078, Time: 00:06:50

Health: -2/25      AC:  3    Str: 16    XL:     2   Next: 50%
Magic:  3/3        EV: 10    Int: 11    God:    Lugonu [*.....]
Gold:   76         SH:  0    Dex: 10    Spells: 1/1 levels left

rFire    . . .     SeeInvis +   a - +1 mace
rCold    . . .     Faith    .   (no shield)
rNeg     . . .     Spirit   .   f - +0 ring mail
rPois    .         Reflect  .   (helmet unavailable)
rElec    .         Harm     .   (no cloak)
rCorr    .         Rampage  .   (no gloves)
Will     .....                  (no boots)
Stlth    ..........             (no amulet)
HPRegen  0.00/turn              (no ring)
MPRegen  0.08/turn              (no ring)

@: lethally poisoned (-2 -> -8)
A: permanent stasis, dig shafts and tunnels, four strong arms, antennae 3,
[blurry vision 2], [deformed body], [inhibited regeneration]
a: Dig, Shaft Self, Renounce Religion, Depart the Abyss


You were on level 4 of the Dungeon.
You worshipped Lugonu.
Lugonu was aware of your devotion.
You visited 1 branch of the dungeon, and saw 3 of its levels.
You visited the Abyss 1 time.

You collected 76 gold pieces.

Inventory:

Hand Weapons
 a - a +1 mace (weapon)
 i - a +1 hunting sling of flaming
Missiles
 c - 18 arrows
 g - 28 stones (quivered)
 k - 8 javelins
Armour
 b - a +0 leather armour
 f - a +0 ring mail (worn)
 l - a +0 scale mail
Scrolls
 d - 4 scrolls of identify
 e - a scroll of immolation


   Skills:
 + Level 3.6 Fighting
 + Level 2.2 Maces & Flails
 + Level 2.3 Armour
 + Level 1.1 Dodging
 + Level 2.2 Invocations


You had one spell level left.
You didn't know any spells.
Your spell library was empty.

Dungeon Overview and Level Annotations

Branches:
Dungeon (2/15)

Altars:

Annotations:
D:2 exclusion: 2 upstairs


Innate Abilities, Weirdness & Mutations

You cannot be hasted, slowed, berserked, paralysed or teleported.
You can dig through walls and to a lower floor.
Your four strong arms can wield two-handed weapons with a shield.
You have a pair of large antennae on your head. (SInv)
[Scrolls take you longer to read.]
[Armour fits poorly on your strangely shaped body.]
[You do not regenerate when monsters are visible.]


Message History

You are poisoned.
The worker ant poisons you!
You barely miss the worker ant.
The worker ant is lightly wounded.
You feel sick. The worker ant bites you.
* * * LOW HITPOINT WARNING * * *
You hit the worker ant.
The worker ant is moderately wounded.
* * * LOW HITPOINT WARNING * * *
You feel sick. The worker ant bites you.
* * * LOW HITPOINT WARNING * * *
The worker ant closely misses you.
Okay, then.
You aren't carrying any potions.
Unknown command.
Unknown command.
You hit the worker ant.
The worker ant is moderately wounded.
The worker ant bites you.
You die...

≈ P≈≈≈≈≈≈♣♣♣≈P≈######
≈♣≈♣≈≈≈≈♣≈♣≈.......#
≈≈≈≈≈♣♣.....#.....#
###....###...##....#
#....#####...##....#
#....P..'.....'....#
#..P....#.....#....#
##....P.##..###'####...
#..≈≈P.P#####..@.......
#.≈≈≈...♣ #.B........
##.≈≈≈♣.....
+..........
#..≈♣≈≈♣P.##
#.......... ...♣≈≈≈♣..#
..###+##+## .....≈≈≈≈.#
... .+....≈≈..#.... {
.##♣P.♣...#....
....P......


You could see a worker ant.

Vanquished Creatures
  A leopard gecko (D:1)
  2 bats (D:1)
  A giant cockroach (D:1)
  A goblin (D:1)
  A hobgoblin (D:1)
  4 kobolds (D:1)
  2 rats (D:1)
12 creatures vanquished.

Vanquished Creatures (others)
  16 plants (D:4)
16 creatures vanquished.

Grand Total: 28 creatures vanquished

Notes
Turn   | Place    | Note
-------+----------+-------------------------------------------
     0 | Abyss:1  | CrazyMind the Formicid Abyssal Knight began the quest for
                  | the Orb.
     0 | Abyss:1  | Reached XP level 1. HP: 18/18 MP: 2/2
    83 | Abyss:1  | Noticed a small abomination
    88 | Abyss:1  | Noticed a wretched star
    89 | Abyss:1  | Noticed a raiju
    91 | D:1      | Escaped the Abyss
   159 | D:1      | Reached skill level 1 in Dodging
   692 | D:1      | Reached XP level 2. HP: 10/24 MP: 3/3
   928 | D:1      | Reached * piety under Lugonu
  1660 | D:1      | You fall into a shaft and drop 1 floor!
  1662 | D:2      | You fall into a shaft and drop 2 floors!
  2078 | D:4      | Slain by a worker ant

Illustrated notes

Levels and vault maps discovered:
D:1:      wander_arrival_fairy_ring, layout_basic
D:2:      layout_rooms
D:4:      layout_gridville, serial_bayou, serial_bayou_shore_a,
          serial_bayou_lake_a, serial_bayou_pond_e, serial_bayou_pond_a,
          serial_bayou_shore_b

Skill      XL: |  1 |
---------------+----+-----
Dodging        | 1 |  1.1
Fighting       | |  3.6
Maces & Flails | |  2.2
Armour         | |  2.3
Invocations    | |  2.2

Action                   || total
-------------------------++-------
Melee: Mace              ||    50
Throw: Stone             ||     4
Invok: Depart the Abyss  ||     1
 Abil: Dig               ||     1
       Shaft Self        ||     1
  Use: Potion            ||     2
       Scroll            ||     2
Armor: Leather armour    ||     7
       Skin              ||     1
Dodge: Dodged            ||    50
